 Dungeon Crawl Stone Soup version 0.28-a0-664-gc179e30c89 (webtiles) character file.

Game seed: 8907039400988461176

11524 siradein the Protected (level 11, -3/73 HPs)
             Began as a Gargoyle Fighter on Oct 16, 2021.
             Was a High Priest of Okawaru.
             Engulfed by an ice statue's freezing vapour (19 damage)
             ... in an ice cave.
             The game lasted 00:25:13 (9327 turns).

siradein the Protected (Gargoyle Fighter)           Turns: 9327, Time: 00:25:14

Health: -3/73      AC: 35    Str: 22    XL:     11   Next: 79%
Magic:  11/11      EV:  8    Int:  9    God:    Okawaru [*****.]
Gold:   519        SH:  6    Dex: 10    Spells: 10/10 levels left

rFire   . . .      SeeInvis +   x - +2 mace (protect)
rCold   . . .      Faith    .   c - +0 buckler
rNeg    + + .      Spirit   .   G - +3 chain mail {rN+}
rPois   ∞          Reflect  .   y - +1 hat {SInv}
rElec   +          Harm     .   D - +0 cloak
rCorr   .          Rampage  .   t - +0 pair of gloves {Stlth+}
Will    .....                   m - +0 pair of boots
Stlth   ..........              f - amulet of regeneration
HPRegen 1.22/turn               F - ring of flight
MPRegen 0.12/turn               (no ring)

@: under a protective aura, flying
A: sickness immunity, AC +8, negative energy resistance 1, electricity
resistance, torment resistance 1, petrification resistance
a: Renounce Religion, Heroism, Finesse, Duel


You were in an ice cave.
You worshipped Okawaru.
Okawaru was extremely pleased with you.
You visited 2 branches of the dungeon, and saw 12 of its levels.
You also visited: Ice Cave.

You collected 519 gold pieces.

Inventory:

Hand Weapons
 x - a +2 mace of protection (weapon)
Missiles
 j - 9 poisoned darts (quivered)
 u - 3 throwing nets
Armour
 c - a +0 buckler (worn)
 m - a +0 pair of boots (worn)
 t - a +0 pair of gloves of stealth (worn)
 y - a +1 hat of see invisible (worn)
 D - a +0 cloak (worn)
 G - a +3 chain mail of positive energy (worn)
Jewellery
 f - an amulet of regeneration (around neck)
 E - an amulet of reflection
 F - a ring of flight (left hand)
Wands
 r - a wand of acid (15)
 s - a wand of polymorph (9)
 C - a wand of iceblast (22)
Scrolls
 b - a scroll of enchant weapon {unknown}
 e - 2 scrolls of fog {unknown}
 h - 2 scrolls of enchant armour
 i - 2 scrolls of fear {unknown}
 l - 7 scrolls of immolation {unknown}
 q - 3 scrolls of amnesia
 v - 2 scrolls of magic mapping
 w - 2 scrolls of silence
 A - a scroll of teleportation
Potions
 a - 4 potions of curing
 d - 3 potions of might
 k - a potion of resistance {unknown}
 n - 3 potions of attraction
 o - 2 potions of cancellation {unknown}
 p - 3 potions of brilliance {unknown}
 z - a potion of mutation {unknown}
 B - a potion of degeneration {unknown}
Miscellaneous
 g - a phial of floods


   Skills:
 + Level 10.7 Fighting
 + Level 9.5 Maces & Flails
 + Level 10.7 Armour
 + Level 10.6 Shields
 + Level 0.0 Invocations
 + Level 0.0 Evocations


You had 10 spell levels left.
You didn't know any spells.
Your spell library contained the following spells:

 Spells                   Type           Power      Damage    Failure   Level
 Pain                     Necr           0%         1d4       94%         1
 Shock                    Conj/Air       0%         1d3       94%         1
 Gell's Gravitas          Tloc           0%         N/A       100%        3
 Stone Arrow              Conj/Erth      0%         3d7       100%        3
 Swiftness                Air            0%         N/A       100%        3
 Teleport Other           Tloc           0%         N/A       100%        3
 Vampiric Draining        Necr           0%         2d6       100%        3
 Airstrike                Air            0%         N/A       100%        4
 Petrify                  Tmut/Erth      0%         N/A       100%        4
 Irradiate                Conj/Tmut      0%         3d14      100%        5
 Dispersal                Tloc           0%         N/A       100%        6
 Animate Skeleton         Necr           Unusable   N/A       N/A         1
 Sublimation of Blood     Necr           Unusable   N/A       N/A         2
 Tukima's Dance           Hex            Unusable   N/A       N/A         3

Dungeon Overview and Level Annotations

Branches:
Dungeon (11/15)            Temple (1/1) D:5            Lair (0/6) D:8
  IceCv (1/1)
    Orc: D:9-12

Altars:
Ashenzari
Cheibriados
Dithmenos
Elyvilon
Fedhas
Gozag
Hepliaklqana
Kikubaaqudgha
Makhleb
Nemelex Xobeh
Okawaru
Qazlal
Ru
Sif Muna
Trog
Uskayaw
Vehumet
Wu Jian
Xom
Yredelemnul
Zin
The Shining One

Shops:
D:5 *   D:6 [(*[(   D:8 :

Annotations:
IceCv exclusion: 2 ice statues


Innate Abilities, Weirdness & Mutations

You are immune to sickness and miasma.
Your stone body is resilient. (AC +8)
You are immune to poison.
You resist negative energy. (rN+)
You are resistant to electric shocks. (rElec)
You are resistant to unholy torment.
You are immune to petrification.


Message History

Your weapon exudes an aura of protection.
The ice beast is lightly wounded.
The ice beast hits you but does no damage.
You hit the ice beast.
The ice beast is lightly wounded.
You block the ice beast's attack.
You hit the ice beast but do no damage.
The ice beast is lightly wounded.
The ice beast barely misses you.
You sock the ice beast!
The ice beast is heavily wounded.
The ice beast barely misses you.
You hit the ice beast.
The ice beast is severely wounded.
The ice beast disappears in a puff of smoke!
Really fly into a travel-excluded area?
The ice statue gestures.
You hit the ice statue but do no damage.
Your weapon exudes an aura of protection.
The ice statue is severely damaged.
The ice statue gestures at you.
You hit the ice statue but do no damage.
The ice statue is severely damaged.
You are engulfed in freezing vapours.
The ice statue gestures at you. The bolt of cold hits you!
You hit the ice statue but do no damage.
The ice statue is severely damaged.
You are engulfed in freezing vapours.
The ice statue gestures.
You hit the ice statue.
The ice statue is severely damaged.
You are engulfed in freezing vapours.
The ice statue gestures.
The ice statue gestures at you. The shard of ice hits you!!
* * * LOW HITPOINT WARNING * * *
You hit the ice statue but do no damage.
The ice statue is severely damaged.
You are engulfed in freezing vapours.
You die...

#.## ##.## #..# ###..#
##.## #.#.## #..# ###..##
##.## #.....# #..#
##.....## ##.## ##.Y.....#
#### #...# #8.......##
##..######.## ##@°......#
#....##....####°°°......#
..........###..°°°.........
.∩.∩.......#..°...........#
.......##....##.Y........##
#....#####..####Y........#
##..## #### 8........##
#### ##........# ##......##


You could see 2 ice statues and 3 ice beasts.

Vanquished Creatures
  A hydra (D:9)
  Harold (D:7)
  2 two-headed ogres
  Pikel (D:6)
  Joseph (D:8)
  Maggie (D:8)
  2 ice devils (D:11)
  2 kobold demonologists (D:10)
  2 rime drakes (IceCv)
  A wyvern (D:9)
  3 wraiths
  9 yaks
  4 vampire mosquitoes (D:10)
  2 steam dragons (D:6)
  Duvessa (D:6)
  3 water moccasins
  2 sky beasts
  2 orc warriors
  3 necrophages
  2 phantoms
  4 bullfrogs
  A water moccasin zombie (D:7)
  A scorpion (D:6)
  Dowan (D:6)
  14 killer bees
  A water moccasin skeleton (D:3)
  A lindwurm simulacrum (IceCv)
  2 electric eels (D:11)
  2 howler monkeys
  A bullfrog zombie (D:6)
  2 komodo dragon simulacra (IceCv)
  2 centaur skeletons
  2 centaur zombies
  8 orc priests
  3 hounds
  2 jellies
  A bullfrog skeleton (D:6)
  An iguana (D:5)
  Ijyb (D:3)
  11 orc wizards
  2 killer bee zombies (D:6)
  A hound skeleton (D:5)
  8 gnolls (D:5)
  A howler monkey skeleton (D:7)
  4 acid dragon simulacra (IceCv)
  4 adders
  2 white imps
  5 steam dragon simulacra (IceCv)
  2 ufetubi
  A worm (D:5)
  5 dart slugs
  35 orcs
  4 endoplasms
  A giant cockroach (D:2)
  12 goblins
  4 hobgoblins
  10 jackals
  7 quokkas
  7 ball pythons
  6 bats
  3 frilled lizards
  8 kobolds
  6 rats
244 creatures vanquished.

Notes
Turn   | Place    | Note
-------+----------+-------------------------------------------
     0 | D:1      | siradein the Gargoyle Fighter began the quest for the Orb.
     0 | D:1      | Reached XP level 1. HP: 14/14 MP: 1/1
   314 | D:1      | Found a faded altar of an unknown god.
   369 | D:1      | Reached XP level 2. HP: 16/19 MP: 2/2
   719 | D:1      | Reached XP level 3. HP: 23/23 MP: 3/3
  1302 | D:1      | Reached XP level 4. HP: 29/29 MP: 4/4
  1338 | D:1      | Reached XP level 5. HP: 33/33 MP: 5/5
  2285 | D:3      | Found a white marble altar of Elyvilon.
  2521 | D:3      | Noticed Ijyb
  2543 | D:3      | Killed Ijyb
  2544 | D:3      | Reached XP level 6. HP: 39/39 MP: 6/6
  2644 | D:3      | You fall into a shaft and drop 3 floors!
  2645 | D:6      | Noticed a necrophage
  2664 | D:5      | Entered Level 5 of the Dungeon
  2664 | D:5      | Found Myiwk's General Store.
  2675 | D:5      | Reached skill level 5 in Fighting
  2675 | D:5      | Reached skill level 5 in Armour
  2694 | D:5      | Reached skill level 5 in Shields
  2694 | D:5      | Reached XP level 7. HP: 44/44 MP: 7/7
  2809 | D:5      | Found a staircase to the Ecumenical Temple.
  2845 | Temple   | Entered the Ecumenical Temple
  3016 | Temple   | Became a worshipper of Warmaster Okawaru
  3154 | D:5      | Reached XP level 8. HP: 51/51 MP: 8/8
  3431 | D:5      | Reached skill level 5 in Maces & Flails
  3684 | D:3      | Reached * piety under Okawaru
  4274 | D:6      | Reached ** piety under Okawaru
  4275 | D:6      | Reached XP level 9. HP: 50/57 MP: 9/9
  4313 | D:6      | Found Xumacsoc's Armour Shoppe.
  4342 | D:6      | Noticed Dowan
  4371 | D:6      | Noticed Duvessa
  4393 | D:6      | Killed Duvessa
  4396 | D:6      | Killed Dowan
  4407 | D:6      | Found a hazy altar of Hepliaklqana.
  4572 | D:6      | Found Hyeplu's General Store.
  4756 | D:6      | Found Weliul's Antique Weapon Boutique.
  4804 | D:6      | Found Olasipn's Antique Armour Shop.
  4888 | D:6      | Found Ynohicuzema's Weapon Shoppe.
  5120 | D:7      | Noticed Pikel
  5237 | D:6      | Killed Pikel
  5354 | D:7      | Reached *** piety under Okawaru
  5613 | D:8      | Reached XP level 10. HP: 64/64 MP: 10/10
  5725 | D:8      | Identified the +6 trident "Lijigy" {vorpal, rN++ Will+
                  | Str+2 Int-2}
  5759 | D:8      | Noticed Joseph
  5805 | D:8      | Killed Joseph
  5823 | D:8      | Got Xuudiq's Reference Book on Lethal Curses
  6165 | D:8      | Found Tyurchuv's Book Emporium.
  6174 | D:8      | Noticed Maggie
  6214 | D:8      | Killed Maggie
  6311 | D:8      | Found a staircase to the Lair.
  6368 | D:8      | Noticed Harold
  6512 | D:7      | Killed Harold
  6512 | D:7      | Reached **** piety under Okawaru
  7222 | D:9      | Reached ***** piety under Okawaru
  7279 | D:9      | Noticed a six-headed hydra
  7403 | D:9      | Killed a six-headed hydra
  7404 | D:9      | Reached XP level 11. HP: 47/72 MP: 11/11
  7630 | D:10     | Entered Level 10 of the Dungeon
  7683 | D:10     | Noticed a two-headed ogre
  7715 | D:10     | Killed a two-headed ogre
  7716 | D:10     | Reached skill level 10 in Armour
  7872 | D:10     | Reached skill level 10 in Fighting
  7883 | D:10     | Reached skill level 10 in Shields
  8223 | D:10     | Noticed a soul eater
  8227 | D:10     | Noticed a soul eater
  8339 | D:11     | Received a gift from Okawaru
  8416 | D:11     | Noticed a two-headed ogre
  8450 | D:11     | Killed a two-headed ogre
  8486 | D:11     | Found a frozen archway.
  8655 | IceCv    | Entered an ice cave
  9237 | IceCv    | HP: 2/73 [ice statue] (21)]
  9327 | IceCv    | Engulfed by an ice statue's freezing vapour

Illustrated notes

Levels and vault maps discovered:
D:1:      minmay_arrival_four_loops, layout_basic,
          shapermc_ecumenical_altar_ellora
D:2:      cheibrodos_pilgrimage, layout_basic
D:3:      kennysheep_the_goblin_king, layout_loops_ring,
          nicolae_elyvilon_peaceful_grove, wad_floor_pattern_1, st_stairs_1
D:4:      layout_cave_pools
D:5:      layout_rooms, minmay_temple_entry_butterflies, serial_shops, shop,
          uniq_ijyb
D:6:      layout_rooms, mainiacjoe_overflow_paths, serial_shops,
          nicolae_shop_window_shopping, shop, nicolae_lakefront_shop, shop,
          shop_statue, dk_rats_in_the_wall, uniq_duvessa
D:7:      layout_rooms, kennysheep_generic_room_7, uniq_pikel
D:8:      layout_basic, lair_entry_dummy, nicolae_take_the_stairs, uniq_harold,
          uniq_maggie, uniq_joseph
D:9:      layout_small_grid
D:10:     layout_irregular_city, dk_noncrumbling_3
D:11:     layout_basic, portal_ice_cave_demonic_guard, special_room
          [special_room_bee], chequers_serial_rivers_micro_b,
          nicolae_island_escapes
Temple:   regret_index_temple_chain_breaker
IceCv:    ice_cave_small_dragons

Skill      XL: |  1  2  3  4  5  6  7  8  9 10 11 |
---------------+----------------------------------+-----
Fighting       | 4 5 7 8 9 10 | 10.7
Armour         | 4 5 7 8 9 10 | 10.7
Shields        | 4 5 6 8 9 10 | 10.6
Maces & Flails | 3 4 5 7 8 9 |  9.5

Action                   |  1- 3 |  4- 6 |  7- 9 | 10-12 || total
-------------------------+-------+-------+-------+-------++-------
Melee: Flail             |    95 |    22 |       |       ||   117
       Morningstar       |       |   171 |   123 |       ||   294
       Mace              |       |       |   361 |   789 ||  1150
Throw: Dart              |       |     1 |       |    25 ||    26
Invok: Heroism           |       |       |       |     1 ||     1
  Use: Scroll            |       |     1 |     6 |     5 ||    12
Armor: Scale mail        |    60 |   110 |   290 |       ||   460
       Skin              |       |    63 |       |       ||    63
       Steam dragon scal |       |       |   138 |    32 ||   170
       Chain mail        |       |       |       |   556 ||   556
       Ring mail         |       |       |       |    55 ||    55
Dodge: Dodged            |    34 |   114 |   311 |   265 ||   724
Block: Buckler           |    18 |    56 |   164 |   242 ||   480

Table legend: (Time is in decaauts)
 A = Elapsed time spent in this place.
 B = Non-inter-level travel time spent in this place.
 C = Inter-level travel time spent in this place.
 D = Time resting spent in this place.
 E = Time spent auto-exploring this place.
 F = Levels seen in this place.
 G = Mean time per level.
                   A        B        C        D        E       F      G
               +--------+--------+--------+--------+--------+-----+--------+
         Total |   9498 |   9295 |    203 |    471 |   5186 |  13 |  730.6 |
       Dungeon |   8653 |   8450 |    203 |    343 |   4948 |  11 |  786.6 |
        Temple |    188 |    188 |      0 |      0 |    143 |   1 |  188.0 |
      Ice Cave |    657 |    657 |      0 |    128 |     95 |   1 |  657.0 |
               +--------+--------+--------+--------+--------+-----+--------+

Top non-repeatable levels by time:
     D:1: 1245 daAuts
     D:8: 1041 daAuts
     D:6: 931 daAuts
     D:9: 912 daAuts
     D:2: 867 daAuts
     D:3: 781 daAuts
     D:5: 711 daAuts
     D:7: 697 daAuts
   IceCv: 657 daAuts
    D:10: 609 daAuts
     D:4: 448 daAuts
    D:11: 407 daAuts
  Temple: 188 daAuts
